 Dungeon Crawl Stone Soup version 0.25-a0-797-g0023389 (webtiles) character file.

Game seed: 1948217529205524102, levelgen mode: deterministic

109263 Kurtz the Bludgeoner (level 16, -3/129 HPs)
             Began as a Mummy Chaos Knight on Apr 18, 2020.
             Was a Plaything of Xom.
             Slain by Rupert
             ... wielding a +2 great sword of holy wrath
              (35 damage)
             ... on level 1 of the Snake Pit.
             The game lasted 01:21:27 (45128 turns).

Kurtz the Bludgeoner (Mummy Chaos Knight)          Turns: 45128, Time: 01:21:28

Health: -3/129     AC: 23    Str: 20    XL:     16   Next: 4%
Magic:  16/16      EV: 17    Int: 17    God:    Xom [*.....]
Gold:   4178       SH:  0    Dex: 13    Spells: 15/15 levels left

rFire    + . .     SeeInvis .   j - +4 demon whip (vamp)
rCold    + . .     Gourm    .   H - +1 kite shield {reflect}
rNeg     + + +     Faith    +   M - +2 plate armour {rF+}
rPois    ∞         Spirit   .   J - +2 helmet {Int+3}
rElec    +         Reflect  +   (no cloak)
rCorr    .         Harm     .   o - +2 pair of gloves
MR       ++...                  B - +0 pair of boots
Stlth    ..........             z - amulet "Wousucuj" {Faith rElec Int+2 Stlth+}
HPRegen  0.31/turn              p - ring of Phasing {EV+8}
MPRegen  0.15/turn              d - ring of protection from fire

@: confused
A: no food or potions, fire vulnerability, cold resistance 1, negative energy
resistance 3, torment resistance, unbreathing, in touch with death 1
a: Renounce Religion


You were on level 1 of the Snake Pit.
You worshipped Xom.
You were a special plaything of Xom.
You were not hungry.

You visited 4 branches of the dungeon, and saw 24 of its levels.
You also visited: Sewer and Ice Cave.

You collected 6234 gold pieces.
You spent 2056 gold pieces at shops.

Inventory:

Hand Weapons
 j - a +4 vampiric demon whip (weapon)
 F - a +2 morningstar of freezing
 I - the +8 flail of Sharkskin {elec, Int+5}
   (You found it on level 3 of the Lair of Beasts)

   Occasionally, upon striking a foe, it will discharge some electrical energy
   and cause terrible harm.
   It affects your intelligence (+5).
 S - the +9 great mace of Darkness {elec, rElec MP+9 Int-5 Stlth+}
   (You acquired it on level 3 of the Lair of Beasts)

   Occasionally, upon striking a foe, it will discharge some electrical energy
   and cause terrible harm.
   It affects your intelligence (-5).
   It insulates you from electricity.
   It affects your magic capacity (+9).
   It makes you more stealthy.
Missiles
 k - 45 boomerangs (quivered)
 l - 41 poisoned darts
 R - 5 curare-tipped darts
Armour
 c - a +1 cloak
 n - a +3 plate armour of poison resistance
 o - a +2 pair of gloves (worn)
 B - a +0 pair of boots (worn)
 E - a +2 plate armour of cold resistance
 G - a scarf of spirit shield
 H - a +1 kite shield of reflection (worn)
 J - a +2 helmet of intelligence (worn)
 M - a +2 plate armour of fire resistance (worn)
 Z - the +8 ice dragon scales of Feutz {rF- rC++ MR- rCorr Str+2 Dex+2}
   (You found it in an ice cave)

   It affects your strength (+2).
   It affects your dexterity (+2).
   It makes you vulnerable to fire.
   It greatly protects you from cold.
   It affects your resistance to hostile enchantments.
   It provides partial protection from all sources of acid and corrosion.
Jewellery
 d - a ring of protection from fire (right hand)
 p - the ring of Phasing (left hand) {EV+8}
   (You bought it in a shop on level 2 of the Orcish Mines)

   [ring of evasion]

   It affects your evasion (+8).
 t - an uncursed amulet of guardian spirit
 u - an uncursed amulet of the acrobat
 w - an uncursed amulet of magic regeneration
 z - the amulet "Wousucuj" (around neck) {Faith rElec Int+2 Stlth+}
   (Xom gifted it to you on level 14 of the Dungeon)

   [amulet of faith]

   It allows you to gain divine favour quickly.
   It affects your intelligence (+2).
   It insulates you from electricity.
   It makes you more stealthy.
Wands
 h - a wand of clouds (2)
 i - a wand of polymorph (14)
 D - a wand of acid (15)
 L - a wand of scattershot (5)
 Q - a wand of iceblast (7)
 U - a wand of random effects (30)
Scrolls
 a - 8 scrolls of identify
 b - 5 scrolls of amnesia
 e - 4 scrolls of fog
 f - 7 scrolls of magic mapping
 g - 6 scrolls of immolation
 m - 2 scrolls of teleportation
 r - 5 scrolls of noise
 s - 3 scrolls of random uselessness
 v - 5 scrolls of enchant armour
 x - 11 scrolls of remove curse
 y - 2 scrolls of vulnerability
 K - a scroll of blinking
 O - a scroll of torment
 W - a scroll of fear
Miscellaneous
 N - a tin of tremorstones
 V - 2 phantom mirrors


   Skills:
 - Level 12.8 Fighting
 - Level 15.3 Maces & Flails
 - Level 8.4 Armour
 - Level 8.1 Dodging
 * Level 11.2 Shields


You had 15 spell levels left.
You didn't know any spells.
Your spell library contained the following spells:

 Spells                   Type           Power        Failure   Level  Hunger
 Animate Skeleton         Necr           N/A          100%        1    N/A
 Freeze                   Ice            #...         100%        1    N/A
 Magic Dart               Conj           #...         100%        1    N/A
 Pain                     Necr           #...         100%        1    N/A
 Blink                    Tloc           N/A          100%        2    N/A
 Call Imp                 Summ           #.......     100%        2    N/A
 Ensorcelled Hibernation  Hex/Ice        #.....       100%        2    N/A
 Passwall                 Tmut/Erth      #.......     100%        2    N/A
 Poisonous Vapours        Pois/Air       #.....       100%        2    N/A
 Searing Ray              Conj           #.....       100%        2    N/A
 Slow                     Hex            #.......     100%        2    N/A
 Sticks to Snakes         Tmut           #.......     100%        2    N/A
 Conjure Flame            Conj/Fire      #.......     100%        3    N/A
 Dazzling Flash           Conj/Hex       #.....       100%        3    N/A
 Frozen Ramparts          Ice            #.....       100%        3    N/A
 Mephitic Cloud           Conj/Pois/Air  #.......     100%        3    N/A
 Ozocubu's Armour         Chrm/Ice       #.......     100%        3    N/A
 Vampiric Draining        Necr           #.........   100%        3    N/A
 Animate Dead             Necr           N/A          100%        4    N/A
 Fulminant Prism          Conj/Hex       #.........   100%        4    N/A
 Hailstorm                Conj/Ice       #.......     100%        4    N/A
 Iskenderun's Mystic Bla  Conj/Tloc      #.......     100%        4    N/A
 Summon Ice Beast         Ice/Summ       #.......     100%        4    N/A
 Agony                    Necr           #.......     100%        5    N/A
 Irradiate                Conj/Tmut      #.........   100%        5    N/A
 Freezing Cloud           Conj/Ice/Air   #.........   100%        6    N/A
 Malign Gateway           Summ/Tloc      #.........   100%        7    N/A
 Monstrous Menagerie      Summ           #.........   100%        7    N/A
 Ring of Flames           Chrm/Fire      #.........   100%        7    N/A
 Summon Greater Demon     Summ           #.........   100%        7    N/A
 Summon Horrible Things   Summ           #.........   100%        8    N/A
 Sublimation of Blood     Necr           Unusable     N/A         2    N/A
 Hydra Form               Tmut           Unusable     N/A         6    N/A
 Statue Form              Tmut/Erth      Unusable     N/A         6    N/A
 Dragon Form              Tmut           Unusable     N/A         7    N/A

Dungeon Overview and Level Annotations

Branches:
Dungeon (15/15)            Temple (0/1) D:7            Lair (6/6) D:10
 Shoals (0/4) Lair:4        Snake (1/4) Lair:4        Slime (0/5) Lair:5
    Orc (2/2) D:10            Elf (0/3) Orc:2        Vaults (0/5) D:14
  Sewer (visited)           IceCv (visited)
 Depths: D:15

Altars:
Qazlal
Sif Muna
Xom
Yredelemnul
The Shining One
Beogh
Jiyva

Shops:
D:6 *   D:8 [   D:11 %   Orc:2 :=(*

Annotations:
D:8 1 runed translucent door
D:11 exclusion: downstairs
D:12 Frances
D:13 2 transporters
D:14 Roxanne
Lair:2 2 transporters, Veesoum's ghost, journeyman VSAs
Lair:4 3 runed translucent doors, Bemuga's ghost, journeyman DDFi; FishTaco's ghost, journeyman DEEE; Kuemycka's ghost, journeyman FeEE
Snake:1 1 transporter, Rupert


Innate Abilities, Weirdness & Mutations

You do not eat or drink.
Your flesh is vulnerable to fire.
You are immune to poison.
Your flesh is cold resistant. (rC+)
You are immune to negative energy. (rN+++)
You are immune to unholy pain and torment.
You can survive without breathing.
You are in touch with the powers of death.


Message History

The mass of ice explodes!
The iceblast engulfs Rupert!
Rupert is severely wounded.
Xom titters.
You are confused.
Rupert hits you with a +2 great sword of holy wrath!!
* * * LOW HITPOINT WARNING * * *
A shower of butterflies erupts from you!
You convulse!
You die... "That's my plaything, go get your own!"
Xom revives you!
Unknown command.
Unknown command.
Are you sure you want to stumble around while confused and next to your butterfly?
Okay, then.
Are you sure you want to stumble around while confused and next to your butterfly?
You bump into the rock wall.
Rupert hits you with a +2 great sword of holy wrath!!
You die...
Xom thinks this is hilarious!

#...#)# #....# #.## #####
##..#####....###.# ###...###
#..##(##)...##.####.......##
#...#(#......#.###.........#
##...)#).......###........<.#
(...(((.)))(###.##..........#
.(....###..## ##.#..........#
....### ##.# #.b..........#
....## #.# ###@b..........#
.....# #.###.b@..........##
.....######......#.........#
..................#.......##
..............(....##.....#
##...####...........##.####
.#####©,###.........##.###
#.#.#.#,#8##........##.#.#
.#.#.#)S#NN#..)....###.[.#


You could see Rupert (berserk).

Vanquished Creatures
  Jorgrun (D:12)
  Agnes (D:14)
  Kirke (D:12)
  An orc warlord (Orc:2)
  A minotaur (Lair:6)
  A dire elephant (Lair:6)
  A deep elf annihilator (D:14)
  A naga warrior (Snake:1)
  7 hydras
  Erica (Lair:1)
  A catoblepas (D:15)
  An anaconda (Snake:1)
  A merfolk avatar (Lair:6)
  An anaconda (shapeshifter) (D:14)
  2 centaur warriors (D:14)
  9 two-headed ogres
  3 death yaks
  3 tengu warriors (D:14)
  5 orc high priests (Orc:2)
  Urug (Lair:6)
  2 naga sharpshooters (Snake:1)
  Nergalle (D:10)
  A fire crab (D:14)
  Sonja (D:13)
  A skeletal warrior (D:15)
  A deep troll (D:14)
  4 unseen horrors
  A sea snake (Lair:6)
  A wizard (D:14)
  A harpy (shapeshifter) (D:5)
  A harpy (Lair:1)
  A necromancer (Lair:4)
  3 orc sorcerers (Orc:2)
  3 orc knights (Orc:2)
  4 manticores
  4 cyclopes
  9 ugly things
  A wolf spider (D:14)
  Maurice (D:12)
  The ghost of FishTaco the Thaumaturge, a novice DEEE of Sif Muna (D:6)
  A water nymph (Lair:6)
  6 black mambas
  8 elephants
  A guardian serpent (shapeshifter) (D:14)
  3 ice statues (IceCv)
  2 gargoyles
  12 spiny frogs
  5 kobold demonologists
  6 komodo dragons
  Maggie (D:6)
  An efreet (D:14)
  10 rime drakes
  A tengu conjurer (D:14)
  7 trolls
  4 hornets
  3 meliai
  A polar bear (Lair:6)
  A polar bear (shapeshifter) (D:14)
  A tyrant leech (shapeshifter) (D:13)
  A meliai (shapeshifter) (D:14)
  A wind drake (Lair:6)
  10 hippogriffs
  11 slime creatures
  13 blink frogs
  5 dream sheep (Lair:6)
  A meliai zombie (D:11)
  A spriggan (Lair:5)
  A vampire (D:12)
  A wyvern (Lair:2)
  2 shadows
  A redback (shapeshifter) (D:14)
  33 yaks
  4 wraiths
  9 hogs
  A human (D:14)
  6 basilisks
  2 vampire mosquitoes (D:13)
  4 hungry ghosts
  2 wargs (Orc:2)
  8 nagas (Snake:1)
  A soldier ant (shapeshifter) (Orc:2)
  An acid dragon (D:14)
  17 water moccasins
  40 orc warriors
  10 porcupines
  3 necrophages
  20 ice beasts
  3 sky beasts
  2 phantoms
  5 wolves (Lair:4)
  19 ogres
  3 boggarts
  2 eyes of draining
  8 centaurs
  9 crocodiles
  2 big kobolds
  Blork the orc (D:4)
  22 bullfrogs
  A wyvern zombie (D:8)
  A gnoll sergeant (D:9)
  A wyvern skeleton (D:9)
  4 scorpions
  3 killer bees
  9 wights
  2 electric eels (Lair:3)
  5 howler monkeys
  7 jellies
  5 centaur zombies
  4 crimson imps
  A quasit (D:14)
  A bullfrog zombie (D:11)
  A wyvern simulacrum (D:14)
  3 bullfrog skeletons
  8 hounds
  19 orc wizards
  Crazy Yiuf (D:6)
  2 centaur skeletons
  A gnoll shaman (Orc:1)
  27 orc priests
  7 worker ants
  Natasha (thrice) (D:4)
  4 iguanas
  7 hell rats (Lair:6)
  4 yak simulacra (Lair:4)
  3 polar bear simulacra (Lair:4)
  2 wolf simulacra (Lair:4)
  A hound skeleton (D:4)
  2 worker ant zombies
  17 gnolls
  21 adders
  8 river rats (Sewer)
  2 shadow imps
  A white imp (D:7)
  2 oozes
  An adder zombie (D:5)
  2 adder skeletons
  A worm (D:4)
  A dart slug (D:2)
  3 leopard geckos
  96 orcs
  12 ball pythons
  7 giant cockroaches
  12 goblins
  10 hobgoblins
  11 jackals
  4 quokkas
  10 bats
  9 frilled lizards
  A goblin skeleton (D:7)
  A hobgoblin zombie (D:7)
  13 kobolds
  A kobold skeleton (D:7)
  2 kobold zombies (D:7)
  2 orc skeletons (D:7)
  22 rats
  2 river rat simulacra (Lair:4)
  A spectral orc (D:7)
  A fungus (Lair:2)
  23 plants (Lair:1)
882 creatures vanquished.

Vanquished Creatures (collateral kills)
  A tengu warrior (D:9)
  A mana viper (D:8)
  A komodo dragon (Lair:5)
  A tengu conjurer (D:9)
  A dream sheep (Lair:6)
  An acid dragon (D:14)
  A sky beast (D:7)
  2 orc warriors (Orc:2)
  An ogre (D:7)
  2 wights (D:14)
  A centaur skeleton (D:8)
  An orc priest (Orc:2)
  A worker ant (D:8)
  6 orcs
  2 rats (Sewer)
23 creatures vanquished.

Vanquished Creatures (others)
  A dancing weapon (D:12)
  A skeletal warrior (D:15)
  A yak (D:14)
  A human (D:12)
  An orc warrior (D:6)
  A boggart (D:14)
  A crocodile (Lair:6)
  An orc priest (Orc:2)
  2 orc wizards (Orc:2)
  A jackal (D:4)
  14 fungi
  18 plants
  3 withered plants (Lair:4)
46 creatures vanquished.

Grand Total: 951 creatures vanquished

Notes
Turn   | Place    | Note
-------+----------+-------------------------------------------
     0 | D:1      | Kurtz the Mummy Chaos Knight began the quest for the Orb.
     0 | D:1      | Reached XP level 1. HP: 18/18 MP: 1/1
   199 | D:1      | Reached XP level 2. HP: 18/24 MP: 2/2
   615 | D:2      | Reached skill level 3 in Maces & Flails
   702 | D:2      | Reached XP level 3. HP: 29/29 MP: 3/3
   952 | D:2      | XOM: 7-stop teleportation journey
  1194 | D:2      | Reached XP level 4. HP: 34/35 MP: 4/4
  1418 | D:2      | XOM: divination: detect creatures
  1429 | D:2      | XOM: divination: detect creatures
  1701 | D:2      | XOM: divination: detect creatures
  1896 | D:3      | Reached skill level 4 in Maces & Flails
  1903 | D:3      | XOM: silly message
  1918 | D:3      | XOM: butterfly on damage
  1928 | D:3      | XOM: polymorph butterfly -> scorpion
  2106 | D:3      | Found a glowing drain.
  2123 | Sewer    | Entered a sewer
  2149 | Sewer    | XOM: swap monsters
  2165 | Sewer    | XOM: noise
  2178 | Sewer    | Reached skill level 1 in Shields
  2178 | Sewer    | Reached XP level 5. HP: 28/41 MP: 5/5
  2353 | Sewer    | XOM: cast spell 'Shadow Creatures'
  2843 | Sewer    | XOM: 2-stop teleportation journey
  2879 | Sewer    | XOM: 5-stop teleportation journey
  2962 | Sewer    | XOM: fog
  2963 | Sewer    | Reached XP level 6. HP: 38/47 MP: 6/6
  2964 | Sewer    | XOM: scenery: create altars
  2965 | Sewer    | XOM: god gift: runed arbalest {god gift}
  2965 | Sewer    | XOM: smoke on damage
  3163 | Sewer    | Reached skill level 5 in Maces & Flails
  3754 | D:4      | Noticed Blork the orc
  3802 | D:3      | XOM: destruction
  3818 | D:3      | Reached XP level 7. HP: 10/52 MP: 7/7
  4200 | D:4      | Noticed Natasha
  4210 | D:4      | Killed Natasha
  4255 | D:4      | Noticed Natasha
  4256 | D:4      | Got a shimmering quarterstaff
  4271 | D:4      | Killed Natasha
  4515 | D:4      | XOM: god gift: fizzy grey potion {god gift}
  4931 | D:4      | XOM: blink monster(s)
  4940 | D:4      | Killed Blork the orc
  4940 | D:4      | Reached skill level 6 in Maces & Flails
  4966 | D:4      | XOM: silly message
  4988 | D:4      | Noticed Natasha
  5002 | D:4      | Killed Natasha
  5395 | D:4      | XOM: summons 1 hostile demon
  5420 | D:5      | Entered Level 5 of the Dungeon
  5992 | D:5      | Noticed a shapeshifter
  5992 | D:5      | an ooze changed into a shapeshifter
  5992 | D:5      | Noticed a salamander
  5992 | D:5      | a shapeshifter changed into a salamander
  6060 | D:5      | XOM: summons 2 hostile demons
  6064 | D:5      | Noticed a harpy
  6539 | D:4      | XOM: summons 3 hostile demons
  6855 | D:4      | XOM: summons 3 hostile demons
  6969 | D:5      | XOM: blink monster(s)
  6973 | D:5      | Killed a harpy
  6973 | D:5      | Reached skill level 7 in Maces & Flails
  6973 | D:5      | Reached XP level 8. HP: 47/58 MP: 8/8
  7047 | D:5      | Found a stormy altar of Qazlal.
  7085 | D:5      | Reached skill level 8 in Maces & Flails
  7738 | D:5      | XOM: swap monsters
  7743 | D:5      | Reached skill level 9 in Maces & Flails
  7743 | D:5      | Reached XP level 9. HP: 58/63 MP: 9/9
  7853 | D:5      | XOM: noise
  8187 | D:3      | XOM: god gift: blue potion {god gift}
  8386 | D:6      | XOM: divination: magic mapping
  8431 | D:6      | Found a runed translucent door.
  8431 | D:6      | Noticed FishTaco's ghost (novice DEEE)
  8448 | D:6      | XOM: divination: detect creatures
  8509 | D:6      | Found a runed translucent door.
  8510 | D:6      | Noticed Crazy Yiuf
  8533 | D:6      | XOM: divination: magic mapping
  8551 | D:6      | Noticed Maggie
  8640 | D:7      | XOM: god gift: scroll labeled KAECAI HUPAAPYKH {god gift}
  8660 | D:7      | XOM: 2-stop teleportation journey
  8704 | D:7      | XOM: noise
  8798 | D:6      | XOM: divination: detect creatures
  8805 | D:6      | XOM: divination: magic mapping
  8938 | D:7      | XOM: 1-stop teleportation journey
  8946 | D:7      | XOM: enchant monster (good)
  8946 | D:7      | XOM: smoke on damage
  8952 | D:7      | XOM: summons friendly ufetubus
  8958 | D:7      | XOM: polymorph quokka -> giant cockroach
  9001 | D:7      | XOM: divination: detect creatures
  9204 | D:7      | XOM: 1-stop teleportation journey
  9232 | D:7      | XOM: summons 4 hostile demons
  9269 | D:7      | Found a glowing golden altar of the Shining One.
  9269 | D:7      | XOM: 8-stop teleportation journey
  9549 | D:7      | XOM: 1-stop teleportation journey
  9562 | D:7      | Reached skill level 10 in Maces & Flails
  9590 | D:7      | XOM: polymorph hog -> shapeshifter
  9606 | D:7      | Noticed a black mamba
  9607 | D:7      | XOM: polymorph something unseen -> soldier ant
  9934 | D:6      | Reached skill level 1 in Dodging
 10095 | D:6      | XOM: divination: magic mapping
 10161 | D:7      | XOM: summons 4 hostile demons
 10243 | D:7      | XOM: 2-stop teleportation journey
 10338 | D:7      | Found a staircase to the Ecumenical Temple.
 10395 | D:7      | XOM: summons friendly iron imp
 10448 | D:7      | Found a basalt altar of Yredelemnul.
 10506 | D:7      | XOM: confuse monster(s)
 10657 | D:7      | XOM: summons 4 hostile demons
 10913 | D:7      | Noticed a sea snake
 10921 | D:7      | Noticed a shining eye
 10928 | D:7      | XOM: noise
 10930 | D:7      | XOM: swap monsters
 10933 | D:7      | Noticed an eye of devastation
 10933 | D:7      | a shining eye changed into an eye of devastation
 10936 | D:7      | an eye of devastation changed into a snapping turtle
 10941 | D:7      | XOM: summons 3 hostile shadow creatures
 10951 | D:7      | Noticed a mana viper
 10951 | D:7      | a snapping turtle changed into a mana viper
 10952 | D:7      | XOM: snakes to sticks
 11039 | D:7      | XOM: polymorph soldier ant -> something unseen
 11098 | D:6      | XOM: noise
 11159 | D:5      | XOM: stat loss: -1 Str (18/19)
 11204 | D:5      | XOM: summons 2 hostile shadow creatures
 11326 | D:5      | XOM: scenery: create altars
 11491 | D:6      | XOM: noise
 11587 | D:6      | Found Cioze's General Store.
 11683 | D:6      | XOM: polymorph orc warrior -> howler monkey
 11805 | D:6      | XOM: cast spell 'Summon Ice Beast'
 11824 | D:6      | XOM: cleaving
 11945 | D:6      | Killed Maggie
 12023 | D:7      | Reached XP level 10. HP: 68/73 MP: 8/10
 12135 | D:7      | Noticed a glowing shapeshifter
 12135 | D:7      | a scorpion changed into a glowing shapeshifter
 12135 | D:7      | XOM: polymorph scorpion -> glowing shapeshifter
 12135 | D:7      | Noticed an eye of devastation
 12135 | D:7      | a glowing shapeshifter changed into an eye of devastation
 12136 | D:7      | Noticed a sea snake
 12136 | D:7      | an eye of devastation changed into a sea snake
 12139 | D:7      | a sea snake changed into a snapping turtle
 12141 | D:7      | Noticed a swamp dragon
 12141 | D:7      | a snapping turtle changed into a swamp dragon
 12153 | D:7      | XOM: cleaving
 12153 | D:7      | Noticed a glowing shapeshifter
 12153 | D:7      | a merfolk changed into a glowing shapeshifter
 12154 | D:7      | Noticed a two-headed ogre
 12154 | D:7      | a glowing shapeshifter changed into a two-headed ogre
 12155 | D:7      | Noticed a manticore
 12155 | D:7      | a two-headed ogre changed into a manticore
 12161 | D:7      | Noticed a swamp dragon
 12161 | D:7      | a manticore changed into a swamp dragon
 12247 | D:7      | Noticed an ettin
 12257 | D:7      | Noticed a six-headed hydra
 12257 | D:7      | a tyrant leech changed into a six-headed hydra
 12277 | D:7      | Noticed an entropy weaver
 12278 | D:7      | Noticed an emperor scorpion
 12278 | D:7      | an entropy weaver changed into an emperor scorpion
 12286 | D:7      | XOM: cleaving
 12288 | D:7      | Noticed a storm dragon
 12288 | D:7      | an emperor scorpion changed into a storm dragon
 12289 | D:7      | Noticed a death yak
 12289 | D:7      | a storm dragon changed into a death yak
 12310 | D:7      | Noticed a satyr
 12314 | D:7      | Noticed an ettin
 12318 | D:7      | Noticed a fire dragon
 12318 | D:7      | an ettin changed into a fire dragon
 12504 | D:7      | XOM: god gift: crooked runed staff {god gift}
 12649 | D:7      | Killed an unseen horror
 12649 | D:7      | Reached skill level 5 in Fighting
 12660 | D:7      | XOM: divination: magic mapping
 12801 | D:7      | XOM is BORED!
 12801 | D:7      | XOM: summons 5 hostile demons
 13124 | D:8      | Found Unahut's Armour Shoppe.
 13187 | D:8      | Noticed Harold
 13199 | D:8      | XOM: god gift: dented emerald amulet {god gift}
 13205 | D:8      | Noticed Harold
 13205 | D:8      | Harold changed into Harold the mana viper
 13205 | D:8      | XOM: polymorph Harold -> Harold the mana viper
 13214 | D:8      | Found a runed translucent door.
 13214 | D:8      | Found a glowing golden altar of the Shining One.
 13214 | D:8      | Noticed an angel
 13220 | D:8      | Killed Harold the mana viper
 13220 | D:8      | Reached skill level 11 in Maces & Flails
 13226 | D:8      | XOM: scenery: 1 doors open
 13257 | D:7      | Noticed a death drake
 13439 | D:8      | XOM: divination: detect creatures
 13510 | D:8      | Noticed a two-headed ogre
 13517 | D:8      | XOM: fog
 13527 | D:8      | XOM: scenery: create altars
 13537 | D:8      | Killed a two-headed ogre
 13584 | D:8      | XOM: scenery: create altars
 13592 | D:8      | XOM: cloud trail
 13610 | D:8      | XOM: god gift: 36 gold pieces
 13813 | D:6      | Bought a +2 plate armour of cold resistance for 520 gold
                  | pieces
 13886 | D:8      | XOM: divination: detect items
 13905 | D:8      | XOM: god gift: crooked glowing staff {god gift}
 14193 | D:9      | XOM: swap monsters
 14336 | D:9      | Noticed a two-headed ogre
 14358 | D:9      | XOM: confusion (+ monsters)
 14367 | D:9      | XOM: smoke on damage
 14368 | D:9      | XOM: divination: magic mapping
 14372 | D:9      | Killed a two-headed ogre
 14430 | D:9      | XOM: 4-stop teleportation journey
 14486 | D:9      | XOM: 4-stop teleportation journey
 14992 | D:9      | XOM: noise
 15207 | D:9      | XOM: confuse monster(s)
 15303 | D:9      | XOM: 5-stop teleportation journey
 15660 | D:10     | Entered Level 10 of the Dungeon
 15725 | D:10     | XOM: fog
 15808 | D:9      | XOM: god gift: embroidered scarf {god gift}
 15982 | D:10     | XOM: cloud trail
 16021 | D:10     | XOM: polymorph bullfrog -> bullfrog
 16084 | D:10     | Noticed a tengu warrior
 16096 | D:10     | Reached XP level 11. HP: 66/84 MP: 11/11
 16099 | D:10     | Noticed Nergalle
 16102 | D:10     | XOM: scenery: create altars
 16111 | D:10     | XOM: fog
 16141 | D:9      | XOM: cleaving
 16235 | D:9      | XOM: scenery: 1 doors open
 16239 | D:9      | XOM: silly message
 16451 | D:9      | Killed an unseen horror
 16620 | D:9      | XOM: chaos upgrade
 16621 | D:9      | XOM: silly message
 16627 | D:9      | Killed a tengu warrior
 16640 | D:9      | XOM: stat loss: -1 Str (18/19)
 16752 | D:9      | XOM: stat loss: -1 Str (17/19)
 16795 | D:10     | XOM: stat loss: -1 Dex (11/12)
 16843 | D:9      | XOM: stat loss: -1 Int (10/11)
 17020 | D:10     | Noticed a spectral orc warlord
 17020 | D:10     | Noticed a spectral orc warlord
 17029 | D:10     | XOM: cleaving
 17101 | D:10     | XOM: 6-stop teleportation journey
 17102 | D:10     | XOM: repel stairs
 17194 | D:10     | Killed Nergalle
 17194 | D:10     | Reached skill level 12 in Maces & Flails
 17376 | D:10     | XOM: chaos upgrade
 17531 | D:10     | XOM: confusion (+ monsters)
 17560 | D:10     | Found a staircase to the Lair.
 17569 | D:10     | Found a shimmering blue altar of Sif Muna.
 17608 | D:10     | Found a staircase to the Orcish Mines.
 17724 | D:11     | Found Motydd's Food Emporium.
 18088 | D:11     | XOM: 3-stop teleportation journey
 18125 | D:11     | Noticed a white ugly thing
 18135 | D:11     | XOM: potion effect (might)
 18141 | D:11     | Killed a green ugly thing
 18363 | D:11     | XOM: god gift: wand of scattershot (8)
 18380 | D:11     | XOM: 2-stop teleportation journey
 18463 | D:11     | XOM: divination: detect items
 18521 | D:11     | Noticed a two-headed ogre
 18527 | D:11     | Killed a two-headed ogre
 18607 | D:11     | XOM: god gift: runed longbow {god gift}
 18660 | D:11     | XOM: divination: detect items
 18705 | D:11     | Noticed a cyan ugly thing
 18721 | D:10     | XOM: divination: detect items
 18827 | D:11     | Killed an unseen horror
 19121 | D:11     | XOM: chaos cloud
 19211 | D:11     | XOM is BORED!
 19211 | D:11     | XOM: summons 1 hostile demon
 20014 | D:11     | Killed a cyan ugly thing
 20499 | D:6      | XOM is BORED!
 20499 | D:6      | XOM: stat loss: -2 Str (17/19)
 21113 | D:6      | Killed FishTaco's ghost
 21115 | D:6      | XOM is BORED!
 21408 | D:6      | Killed Crazy Yiuf
 21641 | D:9      | XOM: silly message
 21710 | D:12     | Noticed Kirke
 21716 | D:11     | XOM: cleaving
 21740 | D:11     | XOM: cloud trail
 21806 | D:11     | XOM: enchant monster (good)
 21817 | D:12     | XOM: silly message
 21824 | D:11     | Noticed a sixfirhy
 21835 | D:11     | Reached XP level 12. HP: 83/97 MP: 12/12
 21920 | D:11     | XOM: divination: magic mapping
 21998 | D:12     | Noticed Frances
 22064 | D:12     | XOM: silly message
 22077 | D:12     | XOM: potion effect (heal wounds)
 22083 | D:12     | Killed Kirke
 22083 | D:12     | Reached skill level 5 in Dodging
 22083 | D:12     | Reached skill level 10 in Fighting
 22132 | D:11     | XOM: stat loss: -1 Int (9/11)
 22279 | D:11     | XOM: summons 3 hostile demons
 22699 | D:12     | XOM: noise
 22703 | D:12     | Noticed Maurice
 22710 | D:12     | Killed Maurice
 22817 | D:12     | XOM: enchant monster (good)
 22826 | D:12     | XOM: scenery: 2 doors close
 23327 | D:12     | XOM: divination: magic mapping
 23329 | D:12     | XOM: scenery: create altars
 23347 | D:12     | XOM: 1-stop teleportation journey
 23365 | D:12     | Reached skill level 5 in Armour
 23460 | D:12     | XOM: summons friendly shadow imp
 23462 | D:12     | XOM: enchant monster (good)
 23643 | D:11     | XOM: fog
 23644 | D:11     | XOM: destruction
 23831 | D:12     | Noticed Jorgrun
 23836 | D:12     | XOM: divination: magic mapping
 24115 | D:12     | Reached skill level 13 in Maces & Flails
 24186 | D:12     | XOM: confusion
 24193 | D:12     | XOM: confuse monster(s)
 24196 | D:12     | XOM: scenery: create altars
 24198 | D:12     | XOM: summons 3 friendly demons
 24203 | D:12     | Killed Jorgrun
 24366 | D:12     | XOM is BORED!
 24514 | D:12     | XOM: cast spell 'Summon Small Mammal'
 24617 | D:12     | XOM: chaos upgrade
 24641 | D:12     | XOM: summons friendly ufetubus
 24946 | D:12     | XOM: god gift: great sword {god gift}
 24949 | D:12     | XOM: scenery: create altars
 24964 | D:12     | XOM: fog
 24977 | D:11     | XOM: stat loss: -1 Int (10/11)
 25136 | Orc:1    | Entered Level 1 of the Orcish Mines
 25343 | Orc:1    | XOM: cloud trail
 25445 | Orc:1    | XOM: silly message
 25667 | Orc:1    | XOM: confusion (+ monsters)
 25859 | Lair:1   | Entered Level 1 of the Lair of Beasts
 25900 | Lair:1   | Noticed Erica
 26024 | Lair:1   | XOM: enchant monster (bad)
 26038 | Lair:1   | Killed Erica
 26077 | Lair:1   | XOM: noise
 26601 | Lair:1   | XOM: noise
 26730 | Lair:1   | XOM: polymorph basilisk -> harpy
 26748 | Lair:1   | XOM: summons 11 friendly demons
 26751 | Lair:1   | Gained mutation: You are in touch with the powers of death.
                  | [Mummy growth]
 26751 | Lair:1   | Reached XP level 13. HP: 49/105 MP: 12/13
 27195 | Lair:1   | XOM: divination: magic mapping
 27280 | Lair:1   | XOM: 2-stop teleportation journey
 27434 | Lair:1   | XOM: noise
 27780 | Lair:1   | XOM: noise
 28211 | Lair:2   | XOM: confuse monster(s)
 28475 | Lair:2   | XOM: smoke on damage
 28577 | Lair:2   | Found a transporter.
 28587 | Lair:2   | Noticed Veesoum's ghost (journeyman VSAs)
 28596 | Lair:2   | Found a transporter.
 28960 | D:8      | XOM: summons 4 hostile shadow creatures
 29229 | D:12     | Reached skill level 14 in Maces & Flails
 29474 | D:13     | XOM: silly message
 29505 | D:13     | Noticed Sonja
 29558 | D:13     | XOM: swap monsters
 29564 | D:13     | Killed Sonja
 29801 | D:13     | XOM: cast spell 'Summon Ice Beast'
 29901 | D:13     | Found a transporter.
 30000 | D:13     | Found a corrupted altar of Lugonu.
 30039 | D:13     | Found a transporter.
 30539 | D:14     | XOM: polymorph troll -> glowing shapeshifter
 30679 | D:13     | Noticed an ettin
 30679 | D:13     | a wolf spider changed into an ettin
 30681 | D:13     | an ettin changed into an ice dragon
 30907 | D:14     | Noticed an ettin
 30910 | D:14     | an ettin changed into a glowing shapeshifter
 30910 | D:14     | XOM: polymorph ettin -> glowing shapeshifter
 30915 | D:14     | XOM: summons friendly shadow imp
 31015 | D:14     | XOM: potion effect (magic)
 31394 | Lair:3   | XOM: blink monster(s)
 31491 | Lair:3   | XOM: smoke on damage
 31642 | Lair:3   | XOM: smoke on damage
 31646 | Lair:3   | XOM: smoke on damage
 31666 | Lair:3   | Got a bone flail
 31667 | Lair:3   | Identified the +8 flail of Sharkskin {elec, Int+5} (You
                  | found it on level 3 of the Lair of Beasts)
 31771 | Lair:3   | XOM: cleaving
 31960 | Lair:3   | Found a basalt altar of Yredelemnul.
 32338 | Lair:3   | XOM: noise
 32399 | Lair:3   | XOM: summons 4 hostile shadow creatures
 32646 | Lair:3   | XOM: scenery: 1 doors open
 32800 | Lair:3   | Identified 3 scrolls of acquirement
 32814 | Lair:3   | Identified the +9 great mace of Darkness {elec, rElec MP+9
                  | Int-5 Stlth+} (You acquired it on level 3 of the Lair of
                  | Beasts)
 32815 | Lair:3   | Identified the +2 cloak of Nemelex Xobeh's Esteem {+Fly}
                  | (You acquired it on level 3 of the Lair of Beasts)
 32946 | Lair:4   | XOM: cleaving
 32979 | Lair:4   | XOM is BORED!
 32979 | Lair:4   | XOM: noise
 32984 | Lair:4   | Found a staircase to the Shoals.
 33180 | Lair:4   | Found a runed translucent gate.
 33205 | Lair:4   | Found a runed translucent gate.
 33206 | Lair:4   | Found a runed translucent gate.
 33207 | Lair:4   | Noticed Kuemycka's ghost (journeyman FeEE)
 33207 | Lair:4   | Noticed Bemuga's ghost (journeyman DDFi)
 33207 | Lair:4   | Noticed FishTaco's ghost (journeyman DEEE)
 33420 | Lair:4   | XOM: confuse monster(s)
 33434 | Lair:4   | Found a staircase to the Snake Pit.
 33472 | Lair:4   | XOM is BORED!
 33485 | Lair:4   | XOM: divination: detect creatures
 33531 | Lair:4   | XOM: 7-stop teleportation journey
 33916 | Lair:4   | XOM: stat loss: -1 Dex (11/12)
 34254 | Lair:5   | XOM: summons 1 hostile shadow creature
 34283 | Lair:5   | Found a viscous altar of Jiyva.
 34283 | Lair:5   | Found a staircase to the Slime Pits.
 34340 | Lair:5   | Reached XP level 14. HP: 115/115 MP: 14/14
 34340 | Lair:5   | XOM: blink monster(s)
 34362 | Lair:5   | XOM: scenery: create altars
 34708 | Lair:5   | XOM: summons 14 friendly demons
 35197 | Lair:6   | Entered Level 6 of the Lair of Beasts
 35199 | Lair:6   | Found a frozen archway.
 35206 | Lair:6   | XOM: fog
 35216 | Lair:6   | XOM: smoke on damage
 35259 | Lair:6   | XOM: 7-stop teleportation journey
 35262 | Lair:6   | XOM: polymorph torpor snail -> water nymph
 35265 | Lair:6   | XOM: divination: detect items
 35337 | IceCv    | Entered an ice cave
 35490 | IceCv    | XOM: cloud trail
 35627 | IceCv    | XOM is BORED!
 35627 | IceCv    | XOM: summons 2 hostile shadow creatures
 35661 | IceCv    | XOM: god gift: 46 gold pieces
 35781 | IceCv    | XOM: god gift: papyrus book {god gift}
 35889 | IceCv    | XOM: polymorph ice beast -> blink frog
 36141 | IceCv    | Reached skill level 15 in Maces & Flails
 36154 | IceCv    | Got spiked ice dragon scales
 36224 | IceCv    | Identified the +8 ice dragon scales of Feutz {rF- rC++ MR-
                  | rCorr Str+2 Dex+2} (You found it in an ice cave)
 36320 | Lair:6   | XOM: polymorph crocodile -> boggart
 36320 | Lair:6   | Noticed Urug
 36339 | Lair:6   | XOM: cleaving
 36357 | Lair:6   | Killed Urug
 36489 | Lair:6   | XOM: fog
 36505 | Lair:6   | XOM: divination: detect creatures
 36512 | Lair:6   | XOM: divine lightning
 36526 | Lair:5   | XOM: scenery: create altars
 36831 | Lair:5   | XOM: polymorph spiny frog -> spriggan
 36834 | Lair:5   | XOM: cleaving
 36904 | Lair:6   | XOM: summons friendly shadow imp
 36942 | Lair:6   | XOM: cleaving
 37293 | Lair:6   | Reached skill level 5 in Shields
 37309 | Lair:6   | XOM: 6-stop teleportation journey
 37436 | Lair:6   | XOM: confuse monster(s)
 37442 | Lair:6   | XOM: summons 4 hostile demons
 37540 | Lair:6   | XOM: divination: magic mapping
 37558 | Lair:6   | XOM: summons 7 friendly demons
 37611 | Lair:6   | XOM: polymorph death yak -> minotaur
 37612 | Lair:6   | XOM: potion effect (invisibility)
 37613 | Lair:6   | XOM: summons friendly crimson imp
 37826 | Lair:6   | XOM: destruction
 37982 | Lair:6   | XOM: confusion
 37995 | Lair:6   | XOM: enchant monster (good)
 38002 | Lair:6   | XOM: enchant monster (bad)
 38032 | Lair:6   | XOM: blink monster(s)
 38051 | Lair:6   | XOM: silly message
 38140 | Lair:6   | XOM: polymorph blink frog -> eye of draining
 38190 | Lair:6   | Identified Spellweaving, Part Two
 38254 | Lair:6   | XOM: destruction
 38569 | Lair:4   | XOM: summons 3 hostile demons
 38618 | Lair:4   | XOM is BORED!
 38618 | Lair:4   | XOM: stat loss: -3 Int (11/14)
 38952 | D:14     | XOM: swap monsters
 38955 | D:14     | XOM: 1-stop teleportation journey
 38966 | D:14     | XOM: enchant monster (bad)
 38976 | D:14     | XOM: god gift: coiled diamond amulet {god gift}
 38989 | D:14     | Got a coiled diamond amulet {god gift}
 38991 | D:14     | XOM: silly message
 38996 | D:14     | XOM: stat loss: -1 Dex (11/12)
 39010 | D:14     | XOM: silly message
 39012 | D:14     | XOM: confuse monster(s)
 39015 | D:14     | XOM: enchant monster (good)
 39024 | D:14     | XOM: enchant monster (good)
 39227 | D:14     | Identified the amulet "Wousucuj" {Faith rElec Int+2 Stlth+}
                  | (Xom gifted it to you on level 14 of the Dungeon)
 39328 | D:14     | XOM: cast spell 'Summon Ice Beast'
 39339 | D:14     | XOM: divination: detect creatures
 39344 | D:14     | XOM: potion effect (haste)
 39348 | D:14     | Reached XP level 15. HP: 119/122 MP: 15/15
 39409 | D:14     | XOM: noise
 39414 | D:14     | XOM: divination: detect items
 39418 | D:14     | XOM: enchant monster (good)
 39432 | D:14     | XOM: divination: detect items
 39433 | D:14     | XOM: silly message
 39437 | D:14     | XOM: divination: detect creatures
 39448 | D:14     | XOM: noise
 39450 | D:14     | XOM: silly message
 39487 | D:14     | XOM: enchant monster (bad)
 39497 | D:14     | XOM: chaos cloud
 39501 | D:14     | XOM: swap monsters
 39503 | D:14     | XOM: 3-stop teleportation journey
 39504 | D:14     | Noticed Agnes
 39510 | D:14     | XOM: confusion (+ monsters)
 39513 | D:14     | XOM: enchant monster (bad)
 39561 | D:14     | XOM: summons friendly shadow imp
 39565 | D:14     | XOM: polymorph shadow imp -> quasit
 39610 | D:14     | Found a gate to the Vaults.
 39610 | D:14     | XOM: 9-stop teleportation journey
 39616 | D:14     | XOM: divination: magic mapping
 39617 | D:14     | XOM: 3-stop teleportation journey
 39753 | D:14     | XOM: god gift: hand crossbow {god gift}
 39776 | D:14     | XOM: summons 2 friendly demons
 39847 | D:14     | XOM: cast spell 'Ring of Flames'
 39913 | D:14     | XOM: divination: magic mapping
 39970 | D:13     | XOM: scenery: 1 doors open, 1 doors close
 40068 | D:13     | XOM: divination: detect creatures
 40081 | D:14     | XOM: cast spell 'Leda's Liquefaction'
 40091 | D:14     | Killed Agnes
 40184 | D:14     | XOM: stat loss: -1 Dex (12/13)
 40224 | D:14     | XOM: noise
 40243 | D:14     | XOM: swap monsters
 40444 | D:13     | XOM: god gift: scroll of immolation
 40449 | D:14     | XOM: fake destruction
 40474 | D:14     | Noticed Roxanne
 40644 | D:14     | XOM: summons 4 hostile demons
 40684 | D:14     | XOM: cleaving
 40702 | D:14     | XOM: swap monsters
 40710 | D:14     | XOM: confusion (+ monsters)
 40805 | D:14     | XOM: enchant monster (good)
 40808 | D:14     | XOM: polymorph ice beast -> human
 40825 | D:14     | XOM: enchant monster (bad)
 40827 | D:14     | XOM: silly message
 41080 | D:15     | Entered Level 15 of the Dungeon
 41110 | D:15     | XOM: potion effect (brilliance)
 41128 | D:15     | XOM: silly message
 41133 | D:15     | XOM: potion effect (haste)
 41134 | D:15     | XOM: potion effect (might)
 41136 | D:15     | XOM: divine lightning
 41148 | D:15     | XOM: 7-stop teleportation journey
 41156 | D:15     | XOM: summons friendly white imp
 41305 | D:15     | XOM: fog
 41355 | D:15     | XOM: fake destruction
 41369 | D:15     | XOM: cast spell 'Summon Butterflies'
 41382 | D:15     | XOM: scenery: 1 doors close
 41507 | D:15     | XOM: confuse monster(s)
 41511 | D:15     | XOM: confusion (+ monsters)
 41559 | D:15     | XOM: god gift: 38 gold pieces
 41703 | Orc:2    | Entered Level 2 of the Orcish Mines
 41783 | Orc:2    | XOM: cleaving
 41920 | Orc:2    | XOM: confuse monster(s)
 41924 | Orc:2    | XOM: cleaving
 42076 | Orc:2    | Found a roughly hewn altar of Beogh.
 42143 | Orc:2    | XOM: divination: detect creatures
 42147 | Orc:2    | XOM: polymorph ogre -> shapeshifter
 42148 | Orc:2    | XOM: cast spell 'Summon Small Mammal'
 42165 | Orc:2    | XOM: divination: detect items
 42171 | Orc:2    | XOM: cast spell 'Olgreb's Toxic Radiance'
 42301 | Orc:2    | Found a staircase to the Elven Halls.
 42301 | Orc:2    | XOM: 1-stop teleportation journey
 42501 | Orc:2    | Reached skill level 10 in Shields
 42616 | Orc:2    | XOM: summons friendly iron imp
 42619 | Orc:2    | XOM: potion effect (might)
 42628 | Orc:2    | XOM: confuse monster(s)
 42639 | Orc:2    | Found Tuff's Book Emporium.
 42706 | Orc:2    | Found a roughly hewn altar of Beogh.
 42706 | Orc:2    | Noticed an orc warlord
 42711 | Orc:2    | XOM: blink monster(s)
 42722 | Orc:2    | XOM: confusion (+ monsters)
 42750 | Orc:2    | XOM: swap monsters
 42762 | Orc:2    | XOM: silly message
 42764 | Orc:2    | XOM: 5-stop teleportation journey
 42869 | Orc:2    | XOM: summons 5 hostile demons
 42945 | Orc:2    | Found Neaguhua's Antique Weapon Shop.
 42958 | Orc:2    | XOM: enchant monster (good)
 42972 | Orc:2    | Found Qielevul's Assorted Antiques.
 43055 | Orc:2    | XOM: noise
 43143 | Orc:2    | XOM: noise
 43145 | Orc:2    | XOM: chaos cloud
 43167 | Orc:2    | Killed an orc warlord
 43174 | Orc:2    | XOM: summons 2 hostile shadow creatures
 43308 | Orc:2    | XOM: silly message
 43388 | Orc:2    | Found Usyith's Jewellery Shop.
 43396 | Orc:2    | XOM: confusion
 43397 | Orc:2    | XOM: summons 1 hostile demon
 43401 | Orc:2    | XOM: summons friendly iron imp
 43463 | Orc:2    | Bought the ring of Phasing {EV+8} for 1536 gold pieces
 43463 | Orc:2    | Found the ring of Phasing {EV+8}
 43507 | Orc:2    | XOM: enchant monster (good)
 43515 | Orc:2    | XOM: fake destruction
 43579 | Orc:2    | XOM: enchant monster (good)
 43580 | Orc:2    | XOM: summons 3 hostile shadow creatures
 43581 | Orc:2    | XOM: confusion (+ monsters)
 43601 | Orc:2    | XOM: enchant monster (bad)
 43732 | Orc:2    | XOM: summons friendly iron imp
 43733 | Orc:2    | XOM: chaos cloud
 43865 | Orc:2    | XOM: noise
 43961 | Orc:2    | XOM: summons 6 hostile demons
 44341 | Orc:2    | XOM: silly message
 44623 | Snake:1  | Entered Level 1 of the Snake Pit
 44659 | Snake:1  | XOM: noise
 44669 | Snake:1  | XOM: chaos upgrade
 44683 | Snake:1  | XOM: god gift: scroll of fog
 44687 | Snake:1  | XOM: fog
 44696 | Snake:1  | XOM: divination: detect creatures
 44698 | Snake:1  | XOM: enchant monster (bad)
 44730 | Snake:1  | Reached XP level 16. HP: 127/129 MP: 16/16
 44805 | Snake:1  | Found a transporter.
 44914 | Snake:1  | XOM: enchant monster (bad)
 45032 | Snake:1  | XOM: summons 2 hostile shadow creatures
 45052 | Snake:1  | XOM: summons 1 hostile demon
 45075 | Snake:1  | Noticed Rupert
 45078 | Snake:1  | XOM: 2-stop teleportation journey
 45102 | Snake:1  | XOM: blink monster(s)
 45114 | Snake:1  | XOM: divination: magic mapping
 45117 | Snake:1  | Paralysed by Rupert for 4 turns
 45127 | Snake:1  | XOM: confusion
 45127 | Snake:1  | HP: 4/129 [Rupert/+2 great sword of holy wrath (32)]
 45127 | Snake:1  | XOM: butterfly on damage
 45127 | Snake:1  | Xom revived you
 45128 | Snake:1  | Slain by Rupert

Levels and vault maps discovered:
D:1:      scummos_arrival_hexagon, layout_basic, hangedman_decor_riveting,
          minmay_misc_feat_cross
D:2:      minmay_inner_zag, layout_basic, first_ration, minmay_joined_circles
D:3:      layout_rooms, portal_sewer_entry_d, minmay_misc_feat_pillars
D:4:      layout_cave_pools, minivault_26, uniq_natasha, uniq_blork_the_orc
D:5:      layout_basic, grunt_qazlal_clouds
D:6:      layout_loops_ring, serial_shops, kennysheep_mini_moat,
          gammafunk_ghost_grave, uniq_maggie, uniq_crazy_yiuf_cottage
D:7:      layout_loops_ring, yredelemnul_forgotten_temple_becter,
          minmay_temple_entry_enclosed_plants, grunt_livestock,
          nicolae_tso_besieged_by_evil
D:8:      layout_cave_pools, serial_shops, shop, lemuel_angel_altar, uniq_harold
D:9:      layout_gridville, minmay_large_rounded_square
D:10:     layout_cave_pools, grunt_lair_entry_orc_guard_hut, orc_0_dummy,
          basic_altar, uniq_nergalle
D:11:     layout_roguey, serial_shops, nicolae_shop_stone
D:12:     layout_basic, uniq_kirke, uniq_jorgrun, uniq_frances, uniq_maurice
D:13:     gammafunk_corrupted_shrine, layout_gridville,
          minmay_tree_intersection, uniq_sonja
D:14:     minmay_the_grid_square_5x5_4x4_mashed [minmay_the_grid_square_5x5_c,
          minmay_the_grid_square_5x5_inner_v,
          minmay_the_grid_square_5x5_n_small, minmay_the_grid_square_5x5_empty,
          minmay_the_grid_square_5x5_lines,
          minmay_the_grid_square_5x5_prize_junk,
          minmay_the_grid_square_5x5_prize_gold,
          minmay_the_grid_square_5x5_fat_x,
          minmay_the_grid_square_5x5_beaten_path,
          minmay_the_grid_square_5x5_prize_monsterx,
          minmay_the_grid_square_5x5_prize_itemx,
          minmay_the_grid_square_5x5_checkered_sparse,
          minmay_the_grid_square_5x5_misaligned,
          minmay_the_grid_square_5x5_three_walls,
          minmay_the_grid_square_5x5_tri_point,
          minmay_the_grid_square_5x5_two_small], layout_cave_pods,
          david_vaults_4, hangedman_decor_lopped, uniq_roxanne, uniq_agnes
D:15:     grunt_enter_depths_snipers, layout_basic,
          hangedman_decor_clover_reticule
Lair:1:   wad_woods_structure_01, layout_regular_city, serial_forest,
          infiniplex_forest_end_1, infiniplex_forest_lined_3_way,
          infiniplex_forest_end_2, infiniplex_forest_lined_3,
          infiniplex_forest_lined_room_3, infiniplex_forest_clump_medium,
          infiniplex_forest_end_3, uniq_erica
Lair:2:   layout_chaotic_city, gammafunk_ghost_berserking_beasts, st_stairs_8
Lair:3:   layout_roguey, basic_altar, serial_bayou_shore_a, lemuel_fruit_fields
Lair:4:   layout_cave_pods, minmay_shoals_entry_beasts,
          minmay_snake_entry_six_corridors, gammafunk_ghost_cemetery,
          eino_house_with_fridge
Lair:5:   layout_regular_city, slime_altar_1, st_stairs_7,
          kennysheep_basilisk_garden
Lair:6:   gammafunk_lair_ancient_temple, layout_cave_pods,
          portal_ice_cave_entry_ice_beasts, uniq_urug
Snake:1:  gammafunk_the_bubble [the_bubble_gammafunk_grid], layout_chambers,
          nrook_loot_triangle, uniq_nikola, uniq_rupert, uniq_aizul
Orc:1:    layout_diamond_mine
Orc:2:    pubby_orc_utopia

Skill      XL: |  1  2  3  4  5  6  7  8  9 10 11 12 13 14 15 |
---------------+----------------------------------------------+-----
Maces & Flails | 3 4 5 7 9 10 11 12 13 14 15 | 15.3
Armour         | 2 3 6 8 |  8.4
Shields        | 1 3 4 5 11 | 11.2
Dodging        | 2 3 4 5 6 8 |  8.1
Fighting       | 4 7 9 10 12 | 12.8

Action                   |  1- 3 |  4- 6 |  7- 9 | 10-12 | 13-15 | 16-18 || total
-------------------------+-------+-------+-------+-------+-------+-------++-------
Melee: Mace              |   114 |   322 |   416 |       |       |       ||   852
       Morningstar       |       |       |   238 |   879 |   542 |       ||  1659
       Demon whip        |       |       |       |       |  2081 |   106 ||  2187
       Flail             |       |       |       |       |    76 |       ||    76
       Great mace        |       |       |       |       |   120 |       ||   120
Throw: Dart              |       |       |    41 |    25 |    10 |     2 ||    78
       Boomerang         |       |       |     3 |     5 |     2 |       ||    10
       Throwing net      |       |       |       |     4 |       |     2 ||     6
Evoke: Wand              |       |       |     8 |    47 |    11 |     2 ||    68
  Use: Scroll            |       |     6 |    13 |     8 |    20 |       ||    47
 Stab: Petrifying        |       |     2 |       |       |       |       ||     2
       Paralysed         |       |     3 |     5 |       |     5 |       ||    13
       Petrified         |       |     5 |       |       |     2 |       ||     7
       Confused          |       |       |     5 |     2 |    14 |       ||    21
       Sleeping          |       |       |     1 |       |     1 |       ||     2
       Held in net/web   |       |       |       |     3 |       |     1 ||     4
       Invisible         |       |       |       |       |    11 |       ||    11
       Distracted        |       |       |       |       |     2 |       ||     2
Armor: Leather armour    |    54 |   156 |    13 |       |       |       ||   223
       Chain mail        |       |       |   144 |       |       |       ||   144
       Plate armour      |       |       |   228 |   533 |  1241 |    19 ||  2021
       Swamp dragon scal |       |       |     4 |    41 |       |       ||    45
Dodge: Dodged            |    89 |   262 |   192 |   284 |   737 |    36 ||  1600
Block: Buckler           |       |    52 |   128 |   177 |   198 |       ||   555
       Kite shield       |       |       |       |       |   572 |    26 ||   598
       Reflection        |       |       |       |       |    24 |     1 ||    25

Table legend:
 A = Non-vault XP
 B = Vault XP
 C = Vault XP percentage of total XP
 D = Non-vault monster count
 E = Vault monster count
 F = Vault count percentage of total count
                 A         B        C        D         E       F
            +---------+---------+-------+---------+---------+-------
      Total |   80277 |   75813 |  48.6 |     510 |     376 |  42.4
            +---------+---------+-------+---------+---------+-------
        D:1 |      28 |       0 |   0.0 |      18 |       0 |   0.0
        D:2 |      28 |      62 |  68.9 |      13 |      22 |  62.9
        D:3 |     166 |      13 |   7.3 |      30 |       1 |   3.2
        D:4 |     258 |     134 |  34.2 |      15 |       2 |  11.8
        D:5 |    1806 |       0 |   0.0 |      31 |       0 |   0.0
        D:6 |     706 |     901 |  56.1 |      16 |       3 |  15.8
        D:7 |    1193 |    1356 |  53.2 |      20 |      13 |  39.4
        D:8 |    1436 |     314 |  17.9 |      17 |       1 |   5.6
        D:9 |    4762 |     273 |   5.4 |      36 |       2 |   5.3
       D:10 |    1079 |    1230 |  53.3 |      17 |       4 |  19.0
       D:11 |    7852 |     604 |   7.1 |      49 |       3 |   5.8
       D:12 |    3331 |    6200 |  65.1 |      20 |       6 |  23.1
       D:13 |    3658 |    1681 |  31.5 |      23 |       2 |   8.0
       D:14 |   10867 |   19626 |  64.4 |      39 |      37 |  48.7
       D:15 |    4540 |       0 |   0.0 |      13 |       0 |   0.0
     Lair:1 |    1503 |    2102 |  58.3 |       8 |       5 |  38.5
     Lair:2 |    5678 |       0 |   0.0 |      22 |       0 |   0.0
     Lair:3 |    5848 |       0 |   0.0 |      24 |       0 |   0.0
     Lair:4 |    2552 |    2646 |  50.9 |      13 |      24 |  64.9
     Lair:5 |    7217 |    1867 |  20.6 |      20 |       9 |  31.0
     Lair:6 |    7707 |   13350 |  63.4 |      30 |      35 |  53.8
    Snake:1 |    6235 |       0 |   0.0 |      15 |       0 |   0.0
      Orc:1 |    1827 |       0 |   0.0 |      21 |       0 |   0.0
      Orc:2 |       0 |   19782 | 100.0 |       0 |     148 | 100.0
      Sewer |       0 |     422 | 100.0 |       0 |      48 | 100.0
      IceCv |       0 |    3250 | 100.0 |       0 |      11 | 100.0
            +---------+---------+-------+---------+---------+-------
